 Dungeon Crawl Stone Soup version 0.25.0-10-g039870ee82 (webtiles) character file.

Game seed: 15752652644656120356

121 Peloso the Shield-Bearer (level 4, -2/41 HPs)
             Began as a Minotaur Fighter on June 23, 2020.
             Slain by Grinder (6 damage)
             ... on level 3 of the Dungeon.
             The game lasted 00:03:33 (2005 turns).

Peloso the Shield-Bearer (Minotaur Fighter)         Turns: 2005, Time: 00:03:34

Health: -2/41      AC: 10    Str: 21    XL:     4   Next: 77%
Magic:  3/3        EV:  6    Int:  5    God:
Gold:   147        SH:  9    Dex: 10    Spells: 3/3 levels left

rFire    . . .     SeeInvis .   a - +0 long sword
rCold    . . .     Gourm    .   c - +0 kite shield
rNeg     . . .     Faith    .   g - +0 chain mail
rPois    +         Spirit   .   (helmet restricted)
rElec    .         Reflect  .   o - +0 cloak
rCorr    .         Harm     .   (no gloves)
MR       .....                  (no boots)
Stlth    ..........             x - amulet of magic regeneration
HPRegen  0.13/turn              q - ring of poison resistance
MPRegen  0.33/turn              (no ring)

@: mighty
A: retaliatory headbutt, horns 2
a: no special abilities


You were on level 3 of the Dungeon.
You were not hungry.

You visited 1 branch of the dungeon, and saw 3 of its levels.

You collected 147 gold pieces.

Inventory:

Hand Weapons
 a - a +0 long sword (weapon)
 b - a +2 whip of draining
Armour
 c - a +0 kite shield (worn)
 g - a +0 chain mail (worn)
 o - a +0 cloak (worn)
Jewellery
 q - a ring of poison resistance (left hand)
 x - an amulet of magic regeneration (around neck)
Wands
 u - a wand of acid (11)
Scrolls
 e - a scroll of teleportation {unknown}
 i - 2 scrolls of random uselessness {unknown}
 j - a scroll of blinking {unknown}
 k - 3 scrolls of amnesia {unknown}
 m - 5 scrolls of identify {unknown}
 n - a scroll of immolation {unknown}
 v - a scroll of fog {unknown}
Potions
 l - 2 potions of resistance {unknown}
 p - a potion of magic {unknown}
 r - a potion of heal wounds {unknown}
 s - a potion of berserk rage {unknown}
 t - 3 potions of curing {unknown}
 w - 2 potions of invisibility {unknown}
 z - a potion of flight {unknown}
Comestibles
 f - 9 rations
 h - 5 chunks of flesh


   Skills:
 + Level 4.5 Fighting
 + Level 3.4 Long Blades
 + Level 4.5 Armour
 + Level 0.5 Dodging
 + Level 0.1 Stealth
 + Level 4.6 Shields


You had 3 spell levels left.
You didn't know any spells.
Your spell library was empty.

Dungeon Overview and Level Annotations

Branches:
Dungeon (3/15)

Altars:
Qazlal

Annotations:
D:3 Grinder


Innate Abilities, Weirdness & Mutations

You reflexively headbutt those who attack you in melee.
You have a pair of horns on your head.


Message History

The frilled lizard bites you but does no damage.
Grinder hits you!
You writhe in agony.
You hit Grinder.
Grinder is lightly wounded.
The frilled lizard bites you but does no damage.
Grinder hits you!
You closely miss Grinder.
Grinder is lightly wounded.
You block the frilled lizard's attack. Grinder gestures at you.
Pain shoots through your body!
* * * LOW HITPOINT WARNING * * *
The frilled lizard barely misses you.
Some of the chunks of flesh in your inventory have rotted away.
You slash Grinder! You headbutt Grinder!
Grinder is heavily wounded.
Grinder hits you.
* * * LOW HITPOINT WARNING * * *
You writhe in agony.
You die...

.....###..#####
###..# #......#
#..###..###.#
#.......# #.#
###########.######
#<........#
#.#..#.##.#
#.#.......#
#......@5.#
#....#l.#..#
#......###...##
.........#..#..#
.(##........## ..
## ###.....## .
####### #..#...
......### #....#..
##......#####


You could see Grinder (strong) and a frilled lizard.

Vanquished Creatures
  5 adders
  4 dart slugs
  A leopard gecko (D:3)
  An orc (D:3)
  9 bats
  4 giant cockroaches
  9 goblins
  10 hobgoblins
  6 kobolds
  A quokka (D:3)
  10 frilled lizards
  7 rats
67 creatures vanquished.

Notes
Turn   | Place    | Note
-------+----------+-------------------------------------------
     0 | D:1      | Peloso the Minotaur Fighter began the quest for the Orb.
     0 | D:1      | Reached XP level 1. HP: 19/19 MP: 0/0
   165 | D:1      | Reached XP level 2. HP: 27/27 MP: 1/1
   714 | D:2      | Reached XP level 3. HP: 33/33 MP: 2/2
  1164 | D:2      | Reached XP level 4. HP: 40/40 MP: 3/3
  1857 | D:3      | Found a stormy altar of Qazlal.
  1983 | D:3      | Noticed Grinder
  2005 | D:3      | Slain by Grinder

Illustrated notes

Levels and vault maps discovered:
D:1:      erik_arrival_orb_chamber, layout_loops_ring
D:2:      layout_basic
D:3:      layout_loops_cross, minmay_strange_pillars, palyth_stone_intersect,
          minmay_misc_feat_hallway, nicolae_qazlal_general_emergency,
          uniq_grinder

Skill      XL: |  1  2  3 |
---------------+----------+-----
Fighting       | 4 |  4.5
Shields        | 4 |  4.6
Armour         | 4 |  4.5
Long Blades    | 3 |  3.4
Dodging        | |  0.5
Stealth        | |  0.1

Action                   |  1- 3 |  4- 6 || total
-------------------------+-------+-------++-------
Melee: Long sword        |   106 |    45 ||   151
       Headbutt          |     6 |    10 ||    16
  Use: Potion            |     1 |     1 ||     2
  Eat: Chunk             |     1 |     3 ||     4
Armor: Chain mail        |    62 |    26 ||    88
       Scale mail        |     1 |       ||     1
Dodge: Dodged            |    26 |     8 ||    34
Block: Kite shield       |    50 |    30 ||    80
       Rpst.: Long sword |     7 |     1 ||     8
